Cogmind - Beta 13 @@@ ROGUE MODE // 2024.06.29 @ 17:15:43 Player: N.W.L Result: Self-destructed Performance ------------- Evolutions (8) 4000 Regions Visited (25) 5000 Robots Destroyed (85) 425 Value Destroyed (2451) 2451 Prototype IDs (96) 1920 Alien Tech Used (3) 600 Bonus (6351) 6351 TOTAL SCORE: 20747 Bonus ------- Pacifist 270 High Alert Combat Kills 22 Follower Combat Kills 1584 Entered Garrisons 200 Network Hubs Disabled 400 Aligned with FarCom 300 Met Data Miner 300 Met Zhirov 300 Built Enhanced Grunts 300 A7 Reached Mainframe 300 Met R17 at Cetus 500 Met R17 at Research 2000 Friendly Fire -125 Cogmind --------- Core Integrity 1175/1450 Matter 243/300 Energy 2/100 System Corruption 21% Temperature Cool (21) Movement Flying (25) Location -2/Research Parts ------- > --- POWER (2) -------- (None) > --- PROPULSION (9) --- Xenon Bombardment Thruster Cooled Field Propulsion Drive Q-thruster Cooled Impulse Thruster Impulse Thruster Array Impulse Thruster Array > --- UTILITY (9) ------ Advanced Power Amplifier Large Storage Unit Experimental Core Analyzer Advanced Transmission Jammer Improved Hacking Suite Improved Hacking Suite > --- WEAPON (3) ------- Thunder Hammer > --- INVENTORY (15) --- Cooled Antimatter Reactor Experimental Cooling System Advanced Coolant Injector ECM Suite Advanced Reaction Control System Experimental Thermal Shield Advanced Force Field Cooled Particle Cannon Advanced KE Penetrator Advanced KE Penetrator Long-range Missile Launcher Advanced Datajack Thunder Hammer Enhanced Force Lance Peak State ------------ > --- POWER ------------ Cooled Antimatter Reactor Quantum Reactor > --- PROPULSION ------- Cooled Field Propulsion Drive Q-thruster Q-thruster Q-thruster Q-thruster Q-thruster Q-thruster Impulse Thruster Array > --- UTILITY ---------- Advanced Power Amplifier Large Storage Unit Quantum Shading Machine Enhanced Optical Array Advanced Transmission Jammer Advanced Reaction Control System Light Regenerative Plating Advanced Force Field Improved Hacking Suite > --- WEAPON ----------- Cooled Particle Cannon Advanced KE Penetrator Advanced KE Penetrator > --- INVENTORY -------- Cooled Impulse Thruster Experimental Cooling System Advanced Coolant Injector Experimental Core Analyzer ECM Suite Experimental Thermal Shield Improved Hacking Suite Long-range Missile Launcher Advanced Datajack Thunder Hammer Thunder Hammer Enhanced Force Lance [Rating: 174] Favorites ----------- Power Quantum Reactor Engine Cooled Deuterium Engine Power Core Neutrino Core Reactor Quantum Reactor Propulsion Improved Linear Gravjet Treads Centrium Heavy Treads Hover Unit Improved Linear Gravjet Flight Unit Biomechanical Wings Utility Improved Hacking Suite Device Experimental Sensor Array Storage Large Storage Unit Processor Enhanced Optical Array Hackware Improved Hacking Suite Protection Light Regenerative Plating Weapon Thunder Hammer Energy Gun Advanced Variable Charge Gun Energy Cannon Cooled Particle Cannon Ballistic Gun Advanced KE Penetrator Ballistic Cannon Hardcell Cannon Launcher Long-range Missile Launcher Special Weapon Remote Datajack Impact Weapon Thunder Hammer Slashing Weapon Makeshift Sword Piercing Weapon Plasma Lance Special Melee Weapon Advanced Datajack Build | -11 -10 -10 -10 -9 -8 -7 -6 -6 -6 -6 -6 -6 -5 -5 -5 -5 -5 -5 -4 -4 -4 -4 -3 -3 -2 ------- Run | Yrd Mat Min Exi Min Mat Fac Fac Gar Fac Low Low Dat Pro Fac Ext Cet Arc Hub Fac Upp Upp Zhi Pro Res Res Slots Evolved 16 | . . . . . 4 2 2 . . . . . . 2 . . . . 2 . . . . 2 2 Power 1 | . . . . . . . . . . . . . . . . . . . . . . . . . 1 Propulsion 7 | . . . . . 2 1 1 . . . . . . 1 . . . . . . . . . 1 1 Utility 7 | . . . . . 2 1 1 . . . . . . 1 . . . . 1 . . . . 1 . Weapon 1 | . . . . . . . . . . . . . . . . . . . 1 . . . . . . Parts Attached 250 | . . . 1 . 12 16 2 6 25 5 3 . 4 20 20 13 3 15 27 4 8 2 3 37 24 Power 23 | . . . . . 2 4 . . 3 1 . . . 2 1 1 . . 1 . . . . 3 5 Engine 8 | . . . . . 2 2 . . 1 . . . . 2 . . . . . . . . . 1 . Core 6 | . . . . . . 2 . . 2 1 . . . . 1 . . . . . . . . . . Reactor 9 | . . . . . . . . . . . . . . . . 1 . . 1 . . . . 2 5 Propulsion 66 | . . . . . 5 3 1 . 8 1 . . . 6 4 2 . 5 10 . 3 . . 12 6 Treads 6 | . . . . . 2 . . . . . . . . . . 2 . 1 1 . . . . . . Leg . | . . . . . . . . . . . . . . . . . . . . . . . . . . Wheel . | . . . . . . . . . . . . . . . . . . . . . . . . . . Hover 10 | . . . . . . . . . . . . . . . . . . . 9 . 1 . . . . Flight 50 | . . . . . 3 3 1 . 8 1 . . . 6 4 . . 4 . . 2 . . 12 6 Utility 69 | . . . 1 . 3 5 . 1 6 . 1 . . 4 2 1 2 3 9 1 3 2 2 15 8 Device 42 | . . . . . 1 2 . 1 1 . 1 . . 1 1 . . 3 7 1 2 2 2 11 6 Storage 5 | . . . . . 1 2 . . 1 . . . . . . . . . . . . . . 1 . Processor 7 | . . . 1 . . 1 . . 2 . . . . . . . . . 1 . . . . 1 1 Hackware 8 | . . . . . 1 . . . 1 . . . . 2 . . 2 . 1 . . . . . 1 Protection 7 | . . . . . . . . . 1 . . . . 1 1 1 . . . . 1 . . 2 . Artifact . | . . . . . . . . . . . . . . . . . . . . . . . . . . Weapon 92 | . . . . . 2 4 1 5 8 3 2 . 4 8 13 9 1 7 7 3 2 . 1 7 5 Energy Gun 4 | . . . . . . . . . . . . . . . . 3 . . . . . . . 1 . Energy Cannon 20 | . . . . . . 3 . 3 6 . . . 1 1 1 . . 2 . . . . . 2 1 Ballistic Gun 17 | . . . . . 1 1 . . . . . . . 1 6 3 . . 2 . . . . 1 2 Ballistic Cannon 1 | . . . . . . . . . . . . . . . . . . . 1 . . . . . . Launcher 15 | . . . . . . . . 1 1 1 1 . 1 . 2 3 . . . 1 1 . 1 1 1 Special Weapon 6 | . . . . . 1 . 1 1 . . . . . 1 1 . . 1 . . . . . . . Impact Weapon 21 | . . . . . . . . . 1 . . . 2 4 3 . . 4 2 2 1 . . 1 1 Slashing Weapon 5 | . . . . . . . . . . 2 1 . . 1 . . 1 . . . . . . . . Piercing Weapon 2 | . . . . . . . . . . . . . . . . . . . 1 . . . . 1 . Special Melee Weapon 1 | . . . . . . . . . . . . . . . . . . . 1 . . . . . . Unidentified Prototypes 33 | . . . . . 2 3 . . 2 . . . . 2 . 4 . 1 4 1 . 2 . 10 2 Corrupted Parts 2 | . . . . . . . . . . . . . . . . 2 . . . . . . . . . System Corruption 9 | . . . . . . . . . . . . . . . . 9 . . . . . . . . . Parts Lost 21 | . . . . . 1 . . 1 . 1 . . . . 1 1 . 4 . . . . . . 12 Power 4 | . . . . . . . . . . . . . . . 1 . . . . . . . . . 3 Propulsion 9 | . . . . . . . . 1 . 1 . . . . . 1 . 2 . . . . . . 4 Utility 7 | . . . . . . . . . . . . . . . . . . 2 . . . . . . 5 Weapon 1 | . . . . . 1 . . . . . . . . . . . . . . . . . . . . Highest Loss Streak 9 | . . . . . 1 . . 1 . 1 . . . . 1 1 . 3 . . . . . . 9 To Critical Strikes 1 | . . . . . . . . . . . . . . . 1 . . . . . . . . . . Average Slot Usage (%) 86 | . . . 10 14 36 80 80 83 84 90 100 100 100 98 99 93 88 89 95 100 100 99 100 87 90 Engine 1 | . . . . . 5 4 6 6 5 2 . . . 5 . . . . . . . . . . . Core 1 | . . . . . . 2 . . 1 3 6 6 6 . 4 4 . . . . . . . . . Reactor 2 | . . . . . . . . . . . . . . . . . 5 5 5 5 5 5 5 3 7 Hover 7 | . . . . . . . . . . . . . . . . . . . 30 36 35 36 36 7 . Flight 25 | . . . . . 11 37 40 35 38 39 40 40 40 40 41 28 17 30 2 . . . . 25 33 Device 6 | . . . . . . 4 6 10 6 . 4 6 6 2 4 . . 4 8 10 10 14 15 17 13 Storage 4 | . . . . . 1 7 6 6 6 6 6 6 6 5 5 5 5 5 5 5 5 5 5 4 4 Processor 12 | . . . 10 14 9 12 13 13 13 20 20 20 20 17 17 17 17 16 10 10 10 10 10 7 5 Hackware 9 | . . . . . 6 7 6 6 9 13 8 6 6 14 11 11 11 11 14 15 13 10 10 9 7 Protection 1 | . . . . . . . . . . . . . . . . 4 5 . . . 1 . . 1 5 Ballistic Gun 1 | . . . . . . 1 . . . . . . . . 2 6 7 . 4 . . . . 1 3 Impact Weapon 4 | . . . . . . . . . . . . . 5 3 6 . . 7 7 9 9 10 10 5 3 Naked Turns 203 | . 23 123 57 . . . . . . . . . . . . . . . . . . . . . . Heaviest Build 91 | . . . . . 13 22 25 29 38 31 30 30 31 42 48 59 59 55 63 57 60 54 59 62 91 Greatest Support 160 | 3 3 3 3 3 13 22 26 28 39 31 31 31 31 47 48 160 160 160 80 72 62 62 62 65 91 Greatest Overweight (x) 5 | . . . . . . 1 . 1 1 1 . . . . 1 1 . 1 5 1 . . . 1 . Average Overweight (x) . | . . . . . . . . . . . . . . . . . . . . . . . . . . Largest Inventory Capacity 15 | 5 5 5 5 5 10 15 10 10 15 15 15 15 15 15 15 15 15 15 15 15 15 15 15 15 15 Average Capacity 13 | 5 5 5 5 5 5 10 10 10 13 15 15 15 15 15 15 15 15 15 15 15 15 15 15 15 15 Most Carried 15 | . 1 4 5 5 9 10 10 10 15 15 15 14 15 15 15 15 15 15 15 15 15 15 15 15 15 Average Carried 13 | . . 1 4 5 4 9 9 9 12 14 14 14 14 14 14 14 14 14 14 15 14 15 15 14 13 Final Capacity 15 | 5 5 5 5 5 10 10 10 10 15 15 15 15 15 15 15 15 15 15 15 15 15 15 15 15 15 Final Carried 15 | . 1 4 5 5 9 10 10 10 15 15 14 14 15 15 15 15 15 13 15 15 15 15 15 15 14 Class Distribution -------------------- 26% | Hacker-Scout 10% | Hacker-Sprinter 10% | Scout 9% | Mutant 8% | Scavenger-Sprinter 7% | Machinist-Sprinter 6% | Hacker-Skirmisher 5% | Commander-Scout 3% | Scavenger-Scout 3% | Hacker-Mutant Dominant Class ---------------- Mutant | -10/Materials Mutant | -10/Mines Mutant | -10/Exiles Mutant | -9/Mines Mutant | -8/Materials Scout | -7/Factory Scavenger-Scout | -6/Factory Mutant | -6/Garrison Hacker-Scout | -6/Factory Hacker-Sprinter | -6/Lower Caves Scout | -6/Lower Caves Scout | -6/Data Miner Scout | -5/Proximity Caves Hacker-Scout | -5/Factory Hacker-Scout | -5/Extension Hacker-Skirmisher | -5/Cetus Scavenger-Assassin | -5/Archives Commander-Scout | -5/Hub_04(d) Scavenger-Sprinter | -4/Factory Hacker-Sprinter | -4/Upper Caves Hacker-Sprinter | -4/Upper Caves Hacker-Scout | -4/Zhirov Hacker-Scout | -3/Proximity Caves Hacker-Scout | -3/Research Machinist-Sprinter | -2/Research Resources | -11 -10 -10 -10 -9 -8 -7 -6 -6 -6 -6 -6 -6 -5 -5 -5 -5 -5 -5 -4 -4 -4 -4 -3 -3 -2 ----------- Run | Yrd Mat Min Exi Min Mat Fac Fac Gar Fac Low Low Dat Pro Fac Ext Cet Arc Hub Fac Upp Upp Zhi Pro Res Res Matter Collected 3713 | . . 28 356 . 115 176 10 70 265 15 27 . 71 284 343 432 118 165 293 . 58 184 18 400 285 Remotely . | . . . . . . . . . . . . . . . . . . . . . . . . . . Salvage Created 3386 | . . . . . . 45 . 78 369 38 58 . 70 284 274 131 247 280 224 41 26 184 . 369 668 Parts 125 | . . . . . 3 4 . 2 9 6 2 . 6 15 15 5 15 1 8 7 2 4 3 3 15 Haulers Intercepted 12 | . . . . . . 1 . . 2 . . . . 1 . . . 1 1 . . . . 2 4 Recyclers Shooed 3 | . . . . . . . . . . . . . . 1 2 . . . . . . . . . . Parts Field Recycled . | . . . . . . . . . . . . . . . . . . . . . . . . . . Retrieved Matter . | . . . . . . . . . . . . . . . . . . . . . . . . . . Parts Self-Destructed 14 | . . . . . . . . . . 3 2 . 5 . . . . . . 2 . . 2 . . Prevented 1 | . . . . . . . . . . . . . . . . . . . . 1 . . . . . Kills | -11 -10 -10 -10 -9 -8 -7 -6 -6 -6 -6 -6 -6 -5 -5 -5 -5 -5 -5 -4 -4 -4 -4 -3 -3 -2 ------- Run | Yrd Mat Min Exi Min Mat Fac Fac Gar Fac Low Low Dat Pro Fac Ext Cet Arc Hub Fac Upp Upp Zhi Pro Res Res Combat Hostiles Destroyed 49 | . . . . . . . . 3 1 3 3 . 5 1 10 3 2 . 1 4 4 . 2 1 6 Melee 4 | . . . . . . . . . . . 1 . . 1 1 . . . . . 1 . . . . Guns 6 | . . . . . . . . . . . . . . . 2 . 2 . . . . . . . 2 Cannons 2 | . . . . . . . . 1 1 . . . . . . . . . . . . . . . . AOE 35 | . . . . . . . . 2 . 3 2 . 5 . 7 3 . . . 4 3 . 2 . 4 Classes Destroyed 15 | . . . . . 1 1 . 2 1 1 . . . 4 2 . . . . . . . 1 1 1 Worker 4 | . . . . . . . . . . . . . . 1 . . . . 1 . . . . 1 1 Builder 8 | . . . . . . . . . . . . . . 1 1 . . . 2 . . . . 1 3 Tunneler 2 | . . . . . 1 . . . . . . . . . . . . . . . . . . 1 . Hauler 12 | . . . . . . 1 . . 2 . . . . 1 . . . 1 1 . . . . 2 4 Recycler 2 | . . . . . . . . . 1 . . . . . . . . 1 . . . . . . . Mechanic 1 | . . . . . . . . . . . . . . . . . . . . . . . . 1 . Operator 3 | . . . . . . . . . . . . . . 1 . . 2 . . . . . . . . Drone 2 | . . . . . . . . . . . . . . . . . . . . . . . 2 . . Watcher 4 | . . . . . . . . . . . . . . 2 1 . . 1 . . . . . . . Swarmer 29 | . . . . . . . . . . 3 3 . 5 . 6 . . . . 4 4 . . . 4 Grunt 10 | . . . . . . . . 2 1 . . . . 1 2 3 . . . . . . . 1 . Brawler 1 | . . . . . . . . 1 . . . . . . . . . . . . . . . . . Sentry 4 | . . . . . . . . . . . . . . . 1 . 2 . 1 . . . . . . Hunter 1 | . . . . . . . . . . . . . . . 1 . . . . . . . . . . Programmer 2 | . . . . . . . . . . . . . . . . . . . . . . . . . 2 Best Kill Streak 8 | . . . . . 1 1 . 2 2 3 3 . 5 2 8 3 1 2 2 4 4 . 2 3 5 Combat Bots Only 7 | . . . . . . . . 2 1 3 3 . 5 1 7 3 1 . 1 4 4 . 2 1 4 Max Kills in Single Turn 5 | . . . . . 1 1 . 1 1 3 2 . 5 1 2 2 1 1 1 3 3 . 2 1 4 Gunslinging . | . . . . . . . . . . . . . . . . . . . . . . . . . . Exploded 5 | . . . . . . . . 1 . 3 2 . 5 . 1 2 . . . 3 3 . 2 . 4 Melee 1 | . . . . . . . . . . . 1 . . 1 1 . . . . . 1 . . . . Uniques/NPCs Destroyed . | . . . . . . . . . . . . . . . . . . . . . . . . . . Combat | -11 -10 -10 -10 -9 -8 -7 -6 -6 -6 -6 -6 -6 -5 -5 -5 -5 -5 -5 -4 -4 -4 -4 -3 -3 -2 -------- Run | Yrd Mat Min Exi Min Mat Fac Fac Gar Fac Low Low Dat Pro Fac Ext Cet Arc Hub Fac Upp Upp Zhi Pro Res Res Hostile Shots Fired 261 | . . . . 9 9 6 . 17 6 3 5 . 6 . 34 14 5 6 4 16 15 . . 18 88 Missed 117 | . . . . 5 1 5 . 6 2 1 4 . 2 . 16 6 2 4 . 7 7 . . 10 39 Damage Taken 3877 | . . 1 . 31 116 23 . 210 74 32 18 . 60 . 339 269 78 201 95 131 113 . . 205 1881 Core 589 | . . 1 . 31 73 . . 20 . 15 . . 15 . 59 27 . . . 36 37 . . . 275 Absorbed by Shields 171 | . . . . . . . . . . . . . . . 21 12 . . . . . . . . 138 Reduced by Siege Mode 7 | . . . . . . . . . . . . . . . . . 7 . . . . . . . . Redirected to Shielding 174 | . . . . . . . . . . . . . . . . . . . . . . . . . 174 Ignored by Resistances 24 | . . . . . . . . . . . . . . . . . . . . 6 . . . 18 . Regen/Repaired (Parts) 123 | . . . . . . . . . . . . . . . . . . . 71 . . . . . 52 Core Remaining (%) 93 | 100 . . . 87 86 100 . . . . . . 94 . . . . 91 . . . . 86 100 . Volleys Fired 231 | . . . . . 4 4 . 22 26 1 1 . 4 4 93 11 11 20 2 2 3 . 1 2 20 Largest 3 | . . . . . 1 1 . 1 1 1 1 . 1 1 2 2 2 1 3 1 1 . 1 1 3 Hottest 275 | . . . . . 100 25 . 90 30 43 43 . 43 30 90 275 70 30 135 43 43 . 43 30 100 Shots Fired 273 | . . . . . 4 4 . 22 26 1 1 . 4 4 100 20 20 21 5 2 3 . 1 2 33 Gun 74 | . . . . . . 4 . . . . . . . . 14 16 20 . 4 . . . . . 16 Cannon 136 | . . . . . . . . 15 26 . . . 3 3 51 . . 21 1 . . . . 2 14 Launcher 32 | . . . . . . . . 7 . 1 1 . 1 . 9 4 . . . 2 3 . 1 . 3 Special 31 | . . . . . 4 . . . . . . . . 1 26 . . . . . . . . . . Kinetic 73 | . . . . . . 4 . . . . . . . . 14 14 20 . 5 . . . . . 16 Thermal 141 | . . . . . 4 . . 15 26 . . . 3 3 51 2 . 21 . . . . . 2 14 Explosive 32 | . . . . . . . . 7 . 1 1 . 1 . 9 4 . . . 2 3 . 1 . 3 Electromagnetic . | . . . . . . . . . . . . . . . . . . . . . . . . . . Robot Hit Streak 22 | . . . . . 1 2 . 4 14 3 . . . 1 22 10 6 . 1 1 . . . . 6 Robot Miss Streak 3 | . . . . . . 2 . 1 1 . . . 1 . 2 2 1 . 3 . 1 . . . 2 Penetration Max . | . . . . . . . . . . . . . . . . . . . . . . . . . . Secondary Targets . | . . . . . . . . . . . . . . . . . . . . . . . . . . Shots Hit Robots 172 | . . . . . 1 2 . 6 15 1 2 . . 13 40 12 24 3 7 1 1 5 . 14 25 Core Hits 110 | . . . . . 1 1 . 11 8 3 3 . 4 4 19 16 10 1 1 4 4 2 2 1 15 Critical Kills 8 | . . . . . . . . . . . . . . 1 3 . 2 1 . . . . . . 1 Critical Parts Destroyed 14 | . . . . . . . . . . . . . . . 1 . 1 1 2 . 1 . . 4 4 Critical Strikes 25 | . . . . . . . . . . . . . . 1 4 . 5 2 2 . 1 1 . 4 5 Destroy 8 | . . . . . . . . . . . . . . . 2 . 4 . . . . . . . 2 Smash 15 | . . . . . . . . . . . . . . 1 2 . . 2 2 . 1 . . 4 3 Sever 1 | . . . . . . . . . . . . . . . . . 1 . . . . . . . . Impale 1 | . . . . . . . . . . . . . . . . . . . . . . 1 . . . Melee Attacks 200 | . . . . . . . . . 1 . 2 . 3 42 18 . 10 13 16 1 4 6 4 36 44 Impact 153 | . . . . . . . . . 1 . . . 1 13 18 . . 13 16 1 4 2 4 36 44 Slashing 43 | . . . . . . . . . . . 2 . 2 29 . . 10 . . . . . . . . Piercing 4 | . . . . . . . . . . . . . . . . . . . . . . 4 . . . Sneak Attacks 34 | . . . . . . . . . . . 2 . . 5 2 . 4 3 4 . . . . 7 7 Combat Hostiles 4 | . . . . . . . . . . . 2 . . . 1 . . . . . . . . 1 . Follow-up Attacks 2 | . . . . . . . . . . . 1 . . . . . . . . . . 1 . . . Damage Inflicted 12114 | . . 3 . . 24 30 . 527 404 244 300 . 414 848 1570 1004 938 418 619 345 459 537 128 1345 1957 Guns 1465 | . . . . . . 30 . . . . . . . . 186 304 459 . 63 . . . . . 423 Cannons 709 | . . . . . . . . 135 404 . . . . . 27 . . 19 . . . . . . 124 Explosions 4220 | . . . . . . . . 392 . 244 151 . 414 . 924 700 . . . 345 419 . 128 . 503 Melee 5693 | . . . . . . . . . . . 149 . . 848 433 . 479 399 556 . 40 537 . 1345 907 Ramming 3 | . . 3 . . . . . . . . . . . . . . . . . . . . . . . Kinetic 1425 | . . . . . . 30 . . . . . . . . 186 264 459 . 63 . . . . . 423 Thermal 773 | . . . . . 24 . . 135 404 . . . . . 27 40 . 19 . . . . . . 124 Explosive 4148 | . . . . . . . . 392 . 244 151 . 414 . 924 700 . . . 345 419 . 128 . 431 Electromagnetic 72 | . . . . . . . . . . . . . . . . . . . . . . . . . 72 Impact 4116 | . . . . . . . . . . . . . . 316 433 . . 399 556 . 40 120 . 1345 907 Slashing 1160 | . . . . . . . . . . . 149 . . 532 . . 479 . . . . . . . . Piercing 417 | . . . . . . . . . . . . . . . . . . . . . . 417 . . . Highest Corruption 21 | . . . . . . . . . . . . . . . . 9 9 18 . . . . . . 21 Average Corruption 8 | . . . . . . . . . . . . . . . . 2 9 10 . . . . . . 12 Corruption Purged . | . . . . . . . . . . . . . . . . . . . . . . . . . . Corruption Blocked 16 | . . . . . . . . . . . . . . 16 . . . . . . . . . . . Effects 54 | . . . . . . . . . . . . . . . . 6 10 18 . . . . . . 20 Message Errors 13 | . . . . . . . . . . . . . . . . 1 2 7 . . . . . . 3 Matter Fused 10 | . . . . . . . . . . . . . . . . . 1 4 . . . . . . 5 Heat Flow Errors 4 | . . . . . . . . . . . . . . . . 1 1 . . . . . . . 2 Energy Discharges 5 | . . . . . . . . . . . . . . . . . 3 2 . . . . . . . Parts Rejected 1 | . . . . . . . . . . . . . . . . . . . . . . . . . 1 Data Loss (minor) 6 | . . . . . . . . . . . . . . . . 1 1 3 . . . . . . 1 Data Loss (major) 2 | . . . . . . . . . . . . . . . . 1 . 1 . . . . . . . Misfires 5 | . . . . . . . . . . . . . . . . 2 . 1 . . . . . . 2 Alerts 1 | . . . . . . . . . . . . . . . . . . . . . . . . . 1 Misdirections 3 | . . . . . . . . . . . . . . . . . . . . . . . . . 3 Weapon Failures 4 | . . . . . . . . . . . . . . . . . 2 . . . . . . . 2 Overload Shots 10 | . . . . . . . . 2 . . . . . . 1 1 . . . . . . . . 6 Effects 3 | . . . . . . . . 1 . . . . . . . 1 . . . . . . . . 1 Energy Bleed 1 | . . . . . . . . 1 . . . . . . . . . . . . . . . . . Heat Surge 2 | . . . . . . . . . . . . . . . . 1 . . . . . . . . 1 Overflow Damage 2948 | . . . . . . . . 18 . . . . 77 325 224 34 102 240 298 63 57 106 11 714 679 Projectiles 56 | . . . . . . . . 18 . . . . . . 24 . . . . . . . . . 14 Explosions 269 | . . . . . . . . . . . . . 77 . 22 34 . . . 63 17 . 11 . 45 Melee 2623 | . . . . . . . . . . . . . . 325 178 . 102 240 298 . 40 106 . 714 620 Knockbacks 9 | . . . . . . . . . . . . . . 1 1 . . 2 1 . . . . 4 . Impact 9 | . . . . . . . . . . . . . . 1 1 . . 2 1 . . . . 4 . Kinetic . | . . . . . . . . . . . . . . . . . . . . . . . . . . Secondary . | . . . . . . . . . . . . . . . . . . . . . . . . . . Self-Inflicted Damage 67 | . . 1 . . . . . . . . . . . . . . . . . . . . . . 66 Shots 1 | . . . . . . . . . . . . . . . . . . . . . . . . . 1 Rammed 1 | . . 1 . . . . . . . . . . . . . . . . . . . . . . . Targets Rammed 1 | . . 1 . . . . . . . . . . . . . . . . . . . . . . . Kicked . | . . . . . . . . . . . . . . . . . . . . . . . . . . Crushed . | . . . . . . . . . . . . . . . . . . . . . . . . . . Highest Temperature 337 | . . . . . . 7 2 30 17 . . . . . 46 337 291 14 209 172 3 . . 200 296 Average Temperature 61 | . . . . . . 3 1 8 10 . . . . . 8 134 163 9 60 83 1 . . 20 77 Received Heat Transfer 412 | . . . . . 27 6 . 99 54 . 9 . . . 76 54 . 9 9 . . . . 60 9 Effects 9 | . . . . . . . . . . . . . . . . 1 . . . . . . . . 8 Energy Bleed 2 | . . . . . . . . . . . . . . . . . . . . . . . . . 2 Interference 6 | . . . . . . . . . . . . . . . . . . . . . . . . . 6 Damage (minor) 1 | . . . . . . . . . . . . . . . . 1 . . . . . . . . . Siege Activations 2 | . . . . . . . . . . . . . . . . . 2 . . . . . . . . Total Turns 19 | . . . . . . . . . . . . . . . . . 19 . . . . . . . . Longest Duration 14 | . . . . . . . . . . . . . . . . . 14 . . . . . . . . Robots Corrupted . | . . . . . . . . . . . . . . . . . . . . . . . . . . Combat Hostiles . | . . . . . . . . . . . . . . . . . . . . . . . . . . Parts Fried 26 | . . . . . . . . . . . . . . 2 2 . . 3 3 . . . . 10 6 Impact Corruptions 58 | . . . . . . . . . . . . . . 7 5 . . 7 9 . 1 . . 16 13 Robots Melted . | . . . . . . . . . . . . . . . . . . . . . . . . . . Combat Hostiles . | . . . . . . . . . . . . . . . . . . . . . . . . . . Parts Melted 3 | . . . . . . . . . 2 . . . . . . . . . . . . . . . 1 Heat Transferred 1049 | . . . . . 50 . . 185 555 . . . . . 37 37 . 37 . . . . . . 148 Parts Sabotaged . | . . . . . . . . . . . . . . . . . . . . . . . . . . Parts Stolen . | . . . . . . . . . . . . . . . . . . . . . . . . . . Parts Stripped . | . . . . . . . . . . . . . . . . . . . . . . . . . . Power Chain Reactions . | . . . . . . . . . . . . . . . . . . . . . . . . . . Alert | -11 -10 -10 -10 -9 -8 -7 -6 -6 -6 -6 -6 -6 -5 -5 -5 -5 -5 -5 -4 -4 -4 -4 -3 -3 -2 ------- Run | Yrd Mat Min Exi Min Mat Fac Fac Gar Fac Low Low Dat Pro Fac Ext Cet Arc Hub Fac Upp Upp Zhi Pro Res Res Peak Influence 702 | . 15 5 . 50 133 127 43 148 302 . . . . 249 702 504 308 325 289 . . . . 326 553 Initial 300 | . . 5 . . 17 60 7 30 77 . . . . 78 107 5 121 107 . . . . . 300 101 Average 153 | . 4 5 . 20 82 45 14 121 159 . . . . 134 220 237 251 146 149 . . . . 158 195 Maximum Alert Level 3 | . . . . . . . . . 1 . . . . 1 3 2 1 1 1 . . . . 1 2 Low Security (%) 69 | 100 100 100 . 100 100 100 100 100 78 . . . . 68 55 45 30 77 58 . . . . 68 57 Level 1 26 | . . . . . . . . . 21 . . . . 31 24 48 69 22 41 . . . . 31 36 Level 2 3 | . . . . . . . . . . . . . . . 18 5 . . . . . . . . 5 Level 3 . | . . . . . . . . . . . . . . . 1 . . . . . . . . . . Level 4 . | . . . . . . . . . . . . . . . . . . . . . . . . . . Level 5 . | . . . . . . . . . . . . . . . . . . . . . . . . . . High Security . | . . . . . . . . . . . . . . . . . . . . . . . . . . Max Security . | . . . . . . . . . . . . . . . . . . . . . . . . . . Squads Dispatched 39 | . 1 . . . 5 2 . . 5 . . . . 6 2 1 . . 1 . . . . 10 6 Investigation 16 | . . . . . 1 . . . 3 . . . . 2 1 1 . . . . . . . 7 1 Extermination 6 | . . . . . . 1 . . 1 . . . . 1 . . . . 1 . . . . . 2 Reinforcement 15 | . 1 . . . 2 1 . . 1 . . . . 3 1 . . . . . . . . 3 3 Assault . | . . . . . . . . . . . . . . . . . . . . . . . . . . Garrison 2 | . . . . . 2 . . . . . . . . . . . . . . . . . . . . Intercept . | . . . . . . . . . . . . . . . . . . . . . . . . . . Searches Triggered . | . . . . . . . . . . . . . . . . . . . . . . . . . . Construction Impeded 1 | . . . . . . . . . . . . . . . 1 . . . . . . . . . . Haulers Reinforced 3 | . . . . . . . . . 1 . . . . 1 . . . . . . . . . 1 . Active Scanning Responses . | . . . . . . . . . . . . . . . . . . . . . . . . . . Cargo Convoy Interrupts 1 | . . . . . . . . . . . . . . 1 . . . . . . . . . . . Stealth | -11 -10 -10 -10 -9 -8 -7 -6 -6 -6 -6 -6 -6 -5 -5 -5 -5 -5 -5 -4 -4 -4 -4 -3 -3 -2 --------- Run | Yrd Mat Min Exi Min Mat Fac Fac Gar Fac Low Low Dat Pro Fac Ext Cet Arc Hub Fac Upp Upp Zhi Pro Res Res Distress Signals 10 | . 1 . . . 3 . . . 1 . . . . 1 2 1 . . . . . . . 1 . Communications Jammed 33 | . . . . . . . 1 . . . . . . . . . . . . . . . . . 32 Distress Signals 32 | . . . . . . . . . . . . . . . . . . . . . . . . . 32 Times Spotted 217 | . 3 . . 4 14 13 5 5 7 6 4 . 6 15 22 14 17 5 6 9 4 . 5 20 33 Peak Tracking Total 16 | . 5 . . 4 5 4 4 4 9 3 4 . 5 5 5 5 2 3 2 10 4 . 3 9 16 Tactical Retreats 26 | . . . . 1 2 1 . 1 2 . 1 . 1 2 2 . . . . 4 . . 1 4 4 Traps | -11 -10 -10 -10 -9 -8 -7 -6 -6 -6 -6 -6 -6 -5 -5 -5 -5 -5 -5 -4 -4 -4 -4 -3 -3 -2 ------- Run | Yrd Mat Min Exi Min Mat Fac Fac Gar Fac Low Low Dat Pro Fac Ext Cet Arc Hub Fac Upp Upp Zhi Pro Res Res Traps Triggered 12 | . . . . . . 1 . 1 1 . . . . 3 3 . . . 1 . . . . . 2 Indirectly . | . . . . . . . . . . . . . . . . . . . . . . . . . . Trap Hack Attempts . | . . . . . . . . . . . . . . . . . . . . . . . . . . Triggered . | . . . . . . . . . . . . . . . . . . . . . . . . . . Disarmed 8 | . . . . . . . . . . . . . . . 8 . . . . . . . . . . Reprogrammed 5 | . . . . . . . . . . . . . . 5 . . . . . . . . . . . Reused 3 | . . . . . . . . . . . . . . 3 . . . . . . . . . . . Traps Extracted . | . . . . . . . . . . . . . . . . . . . . . . . . . . Installed . | . . . . . . . . . . . . . . . . . . . . . . . . . . Triggered 5 | . . . . . . . . . . . . . . 5 . . . . . . . . . . . Machines | -11 -10 -10 -10 -9 -8 -7 -6 -6 -6 -6 -6 -6 -5 -5 -5 -5 -5 -5 -4 -4 -4 -4 -3 -3 -2 ---------- Run | Yrd Mat Min Exi Min Mat Fac Fac Gar Fac Low Low Dat Pro Fac Ext Cet Arc Hub Fac Upp Upp Zhi Pro Res Res Machines Disabled 9 | . . . . . . . . . . . . . . . 3 2 1 . . 1 . . . 1 1 Max in Single Turn 1 | . . . . . . . . . . . . . . . . 1 1 . . 1 . . . 1 1 Garrison Access 5 | . . . . . . . 1 . . . . . . . . . . . 1 . . . . 3 . Network Hub 2 | . . . . . . . . . . . . . . . . . . 2 . . . . . . . Machines Repaired . | . . . . . . . . . . . . . . . . . . . . . . . . . . Machines Dismantled 2 | . . . . . . . . . . . . . . . . . . 2 . . . . . . . Machines Sabotaged . | . . . . . . . . . . . . . . . . . . . . . . . . . . Overloaded Fab Kills . | . . . . . . . . . . . . . . . . . . . . . . . . . . Hacking | -11 -10 -10 -10 -9 -8 -7 -6 -6 -6 -6 -6 -6 -5 -5 -5 -5 -5 -5 -4 -4 -4 -4 -3 -3 -2 --------- Run | Yrd Mat Min Exi Min Mat Fac Fac Gar Fac Low Low Dat Pro Fac Ext Cet Arc Hub Fac Upp Upp Zhi Pro Res Res Machines Accessed 79 | . . . 2 . . 2 4 1 7 1 . 3 . 10 10 1 . 4 9 1 . 4 . 15 5 Terminals 44 | . . . . . . 1 1 1 3 . . . . 8 10 1 . 4 4 . . . . 8 3 Fabricators 11 | . . . . . . . . . 3 . . . . 2 . . . . . . . . . 4 2 Repair Stations 2 | . . . . . . . . . . . . . . . . . . . 2 . . . . . . Recycling Units 3 | . . . . . . 1 1 . . . . . . . . . . . 1 . . . . . . Scanalyzers 3 | . . . . . . . . . 1 . . . . . . . . . 1 . . . . 1 . Garrison Access 5 | . . . . . . . 2 . . . . . . . . . . . 1 . . . . 2 . Total Hacks 280 | . . . 5 . . 5 7 2 26 1 . 23 . 24 31 2 . 11 36 1 . 17 . 65 24 Successful 174 | . . . 5 . . 2 4 1 9 1 . 23 . 13 20 . . 8 22 1 . 17 . 36 12 Failed 106 | . . . . . . 3 3 1 17 . . . . 11 11 2 . 3 14 . . . . 29 12 Catastrophic 22 | . . . . . . . 1 . 4 . . . . 1 2 1 . . 5 . . . . 7 1 Database Lockouts . | . . . . . . . . . . . . . . . . . . . . . . . . . . Manual 83 | . . . 1 . . . . . 11 . . . . 10 10 1 . 5 11 . . . . 25 9 Terminals 172 | . . . . . . 2 2 2 13 . . . . 20 31 2 . 11 22 . . . . 48 19 Fabricators 28 | . . . . . . . . . 10 . . . . 4 . . . . . . . . . 9 5 Repair Stations 7 | . . . . . . . . . . . . . . . . . . . 7 . . . . . . Recycling Units 6 | . . . . . . 3 2 . . . . . . . . . . . 1 . . . . . . Scanalyzers 14 | . . . . . . . . . 3 . . . . . . . . . 5 . . . . 6 . Garrison Access 6 | . . . . . . . 3 . . . . . . . . . . . 1 . . . . 2 . Terminal Hacks 123 | . . . 5 . . 1 1 1 4 1 . 23 . 10 17 . . 6 10 1 . 17 . 18 8 Record 17 | . . . 4 . . . . . . . . 6 . . . . . . . 1 . 5 . . 1 Part Schematic 17 | . . . . . . . . . . . . 9 . 1 2 . . . . . . 4 . 1 . Robot Schematic 5 | . . . . . . . . . . . . 5 . . . . . . . . . . . . . Robot Analysis 4 | . . . . . . . . . . . . . . . . . . . . . . 4 . . . Prototype ID Bank 17 | . . . . . . . 1 . 1 . . 3 . . 3 . . . 2 . . 4 . 3 . Open Door 1 | . . . . . . . . . . 1 . . . . . . . . . . . . . . . Open DSF 1 | . . . . . . 1 . . . . . . . . . . . . . . . . . . . Level Access Points 3 | . . . . . . . . . . . . . . 1 . . . . . . . . . 1 1 Branch Access Points 6 | . . . . . . . . . 1 . . . . 1 . . . . 2 . . . . 1 1 Machine Index 4 | . . . . . . . . . 1 . . . . 1 . . . . . . . . . 1 1 Terminal Index 4 | . . . . . . . . . . . . . . 1 1 . . 1 . . . . . . 1 Repair Station Index 1 | . . . . . . . . . . . . . . . . . . . 1 . . . . . . Alert Level 8 | . . . . . . . . . . . . . . 1 2 . . 1 1 . . . . 2 1 Unreport Threat 10 | . . . . . . . . . . . . . . 1 3 . . 2 . . . . . 4 . Locate Traps 6 | . . . . . . . . . . . . . . 1 2 . . 1 . . . . . 2 . Disarm Traps 2 | . . . . . . . . . . . . . . . 2 . . . . . . . . . . Reprogram Traps 1 | . . . . . . . . . . . . . . 1 . . . . . . . . . . . Dispatch Records 1 | . . . . . . . . . . . . . . . . . . . 1 . . . . . . Maintenance Status 1 | . . . . . . . . . . . . . . . . . . 1 . . . . . . . Transport Status 2 | . . . . . . . . . . . . . . . . . . . 1 . . . . 1 . Recall Investigation 1 | . . . . . . . . . . . . . . . 1 . . . . . . . . . . Recall Extermination 1 | . . . . . . . . . . . . . . . . . . . . . . . . . 1 Hauler Manifests 3 | . . . . . . . . . . . . . . . 1 . . . 1 . . . . 1 . Zone Layout 5 | . . . . . . . . . 1 . . . . 1 . . . . 1 . . . . 1 1 Patrol Navigation 1 | . . . . . . . . 1 . . . . . . . . . . . . . . . . . Derelict Proto ID Bank 1 | . . . 1 . . . . . . . . . . . . . . . . . . . . . . Fabricator Hacks 15 | . . . . . . . . . 3 . . . . 2 . . . . . . . . . 7 3 Network Status 2 | . . . . . . . . . 1 . . . . . . . . . . . . . . 1 . Load Schematic 5 | . . . . . . . . . . . . . . 1 . . . . . . . . . 3 1 Build 8 | . . . . . . . . . 2 . . . . 1 . . . . . . . . . 3 2 Repair Station Hacks 6 | . . . . . . . . . . . . . . . . . . . 6 . . . . . . Scan Component 3 | . . . . . . . . . . . . . . . . . . . 3 . . . . . . Repair 3 | . . . . . . . . . . . . . . . . . . . 3 . . . . . . Recycling Unit Hacks 3 | . . . . . . 1 1 . . . . . . . . . . . 1 . . . . . . Retrieve Components 3 | . . . . . . 1 1 . . . . . . . . . . . 1 . . . . . . Scanalyzer 8 | . . . . . . . . . 1 . . . . . . . . . 3 . . . . 4 . Insert Component 4 | . . . . . . . . . 1 . . . . . . . . . 2 . . . . 1 . Analyze 4 | . . . . . . . . . . . . . . . . . . . 1 . . . . 3 . Garrison Access Hacks 5 | . . . . . . . 2 . . . . . . . . . . . 1 . . . . 2 . Unlock Access 1 | . . . . . . . 1 . . . . . . . . . . . . . . . . . . Seal Access 4 | . . . . . . . 1 . . . . . . . . . . . 1 . . . . 2 . Unauthorized Hacks 14 | . . . . . . . . . 1 . . . . 1 3 . . 2 1 . . . . 5 1 Terminals 12 | . . . . . . . . . . . . . . 1 3 . . 2 . . . . . 5 1 Track 2 | . . . . . . . . . . . . . . . 1 . . . . . . . . 1 . Assimilate 3 | . . . . . . . . . . . . . . 1 . . . 1 . . . . . . 1 Botnet 5 | . . . . . . . . . . . . . . . 1 . . 1 . . . . . 3 . Disrupt 1 | . . . . . . . . . . . . . . . 1 . . . . . . . . . . Operators 1 | . . . . . . . . . . . . . . . . . . . . . . . . 1 . Fabricators 1 | . . . . . . . . . 1 . . . . . . . . . . . . . . . . Fabnet 1 | . . . . . . . . . 1 . . . . . . . . . . . . . . . . Repair Stations 1 | . . . . . . . . . . . . . . . . . . . 1 . . . . . . Mechanics 1 | . . . . . . . . . . . . . . . . . . . 1 . . . . . . Recycling Units . | . . . . . . . . . . . . . . . . . . . . . . . . . . Scanalyzers . | . . . . . . . . . . . . . . . . . . . . . . . . . . Garrison Access . | . . . . . . . . . . . . . . . . . . . . . . . . . . Data Cores Recovered 3 | . . . . . . 1 . . . . . . . 1 . . . . 1 . . . . . . Used 1 | . . . . . . . . . . . . . . 1 . . . . . . . . . . . Hacking Detections 58 | . . . . . . 1 2 1 7 . . . . 10 10 1 . 4 5 . . . . 13 4 Full Trace Events 12 | . . . . . . . . . 3 . . . . 1 1 1 . . . . . . . 5 1 Feedback Events . | . . . . . . . . . . . . . . . . . . . . . . . . . . Feedback Blocked . | . . . . . . . . . . . . . . . . . . . . . . . . . . Robot Schematics Acquired 5 | . . . . . . . . . . . . 5 . . . . . . . . . . . . . Robots Built 6 | . . . . . . . . . 3 . . . . . . . . . . . . . . . 3 Authchips . | . . . . . . . . . . . . . . . . . . . . . . . . . . Time 120 | . . . . . . . . . 76 . . . . . . . . . . . . . . . 44 Total Robot Build Rating 27 | . . . . . . . . . 15 . . . . . . . . . . . . . . . 12 Part Schematics Acquired 18 | . . . . . . . . . . . . 9 . 1 2 . . . . . . 4 . 2 . Parts Built 10 | . . . . . . . . . 2 . . . . 2 . . . . . . . . . 4 2 Authchips . | . . . . . . . . . . . . . . . . . . . . . . . . . . Time 660 | . . . . . . . . . 117 . . . . 128 . . . . . . . . . 346 69 Total Part Build Rating 74 | . . . . . . . . . 14 . . . . 16 . . . . . . . . . 26 18 Parts Repaired 3 | . . . . . . . . . . . . . . . . . . . 3 . . . . . . Time 216 | . . . . . . . . . . . . . . . . . . . 216 . . . . . . Parts Recycled . | . . . . . . . . . . . . . . . . . . . . . . . . . . Recycled Matter . | . . . . . . . . . . . . . . . . . . . . . . . . . . Retrieved Matter . | . . . . . . . . . . . . . . . . . . . . . . . . . . Retrieved Components 5 | . . . . . . 3 2 . . . . . . . . . . . . . . . . . . Parts Scanalyzed 3 | . . . . . . . . . 1 . . . . . . . . . 1 . . . . 1 . Part Schematics Acquired 1 | . . . . . . . . . . . . . . . . . . . . . . . . 1 . Parts Damaged 1 | . . . . . . . . . 1 . . . . . . . . . . . . . . . . Bothacking | -11 -10 -10 -10 -9 -8 -7 -6 -6 -6 -6 -6 -6 -5 -5 -5 -5 -5 -5 -4 -4 -4 -4 -3 -3 -2 ------------ Run | Yrd Mat Min Exi Min Mat Fac Fac Gar Fac Low Low Dat Pro Fac Ext Cet Arc Hub Fac Upp Upp Zhi Pro Res Res Used RIF Installer . | . . . . . . . . . . . . . . . . . . . . . . . . . . Robots Hacked . | . . . . . . . . . . . . . . . . . . . . . . . . . . Non-combat . | . . . . . . . . . . . . . . . . . . . . . . . . . . Combat . | . . . . . . . . . . . . . . . . . . . . . . . . . . Robot Hacks Applied . | . . . . . . . . . . . . . . . . . . . . . . . . . . Relay Couplers Released . | . . . . . . . . . . . . . . . . . . . . . . . . . . Fabnet Peak Effective % 3 | . . . . . . . . . . . . . 3 3 3 3 3 3 1 1 1 1 . . . Robots Rewired 13 | . . . . . . . . . . . . . . . 13 . . . . . . . . . . Allies Hacked . | . . . . . . . . . . . . . . . . . . . . . . . . . . Hacks Repelled . | . . . . . . . . . . . . . . . . . . . . . . . . . . Allies | -11 -10 -10 -10 -9 -8 -7 -6 -6 -6 -6 -6 -6 -5 -5 -5 -5 -5 -5 -4 -4 -4 -4 -3 -3 -2 -------- Run | Yrd Mat Min Exi Min Mat Fac Fac Gar Fac Low Low Dat Pro Fac Ext Cet Arc Hub Fac Upp Upp Zhi Pro Res Res Total Allies 42 | . . . . 3 . . . . 3 . . . . 1 25 5 . 1 . . . . . . 4 Largest Group 17 | . . . . 3 . . . . 3 . . . . 1 17 8 7 6 5 3 . . . . 3 Highest-Rated Group 661 | . . . . 40 . . . . 87 . . . . 26 451 661 626 501 475 278 . . . . 60 Highest-Rated Ally 159 | . . . . 16 . . . . 29 . . . . 26 159 159 128 96 96 96 . . . . 26 Total Orders 17 | . . . . . . . . . . . . . . 2 . . 2 . 11 2 . . . . . STAY 8 | . . . . . . . . . . . . . . 1 . . 1 . 5 1 . . . . . FOLLOW 9 | . . . . . . . . . . . . . . 1 . . 1 . 6 1 . . . . . Ally Attacks 265 | . . . . 14 . . . . 15 . . . . . 89 72 16 8 20 27 . . . . 4 Total Damage 7424 | . . . . 119 . . . . 192 . . . . . 1987 2283 530 321 575 1328 . . . . 89 Kills 35 | . . . . 3 . . . . 1 . . . . . 11 11 2 2 5 . . . . . . Allies Corrupted 1 | . . . . . . . . . . . . . . . . . . . 1 . . . . . . Allies Melted 1 | . . . . . . . . . . . . . . . . . . . . 1 . . . . . Intel | -11 -10 -10 -10 -9 -8 -7 -6 -6 -6 -6 -6 -6 -5 -5 -5 -5 -5 -5 -4 -4 -4 -4 -3 -3 -2 ------- Run | Yrd Mat Min Exi Min Mat Fac Fac Gar Fac Low Low Dat Pro Fac Ext Cet Arc Hub Fac Upp Upp Zhi Pro Res Res Robot Analysis Total 4 | . . . . . . . . . . . . . . . . . . . . . . 4 . . . Derelict Logs Recovered 5 | . . . . . . . . . . . 1 . 2 . . . . . . 2 . . . . . Drone Launches . | . . . . . . . . . . . . . . . . . . . . . . . . . . Drone Recoveries . | . . . . . . . . . . . . . . . . . . . . . . . . . . Exploration | -11 -10 -10 -10 -9 -8 -7 -6 -6 -6 -6 -6 -6 -5 -5 -5 -5 -5 -5 -4 -4 -4 -4 -3 -3 -2 ------------- Run | Yrd Mat Min Exi Min Mat Fac Fac Gar Fac Low Low Dat Pro Fac Ext Cet Arc Hub Fac Upp Upp Zhi Pro Res Res Turns Passed 9004 | 9 23 123 247 38 339 734 73 235 367 97 89 19 247 723 1111 468 247 457 883 245 221 113 450 774 672 Spaces Moved 13168 | 19 43 230 319 75 457 1069 181 189 802 278 267 85 472 1468 679 209 90 562 1157 435 405 187 687 1562 1241 Core 876 | 19 43 230 319 75 190 . . . . . . . . . . . . . . . . . . . . Treads 374 | . . . . . . . . . . . . . . . . 180 90 36 68 . . . . . . Legs . | . . . . . . . . . . . . . . . . . . . . . . . . . . Wheels . | . . . . . . . . . . . . . . . . . . . . . . . . . . Hover 2897 | . . . . . . . . . . . . . . . . . . . 1089 435 405 187 687 94 . Flight 9021 | . . . . . 267 1069 181 189 802 278 267 85 472 1468 679 29 . 526 . . . . . 1468 1241 Fastest Speed 19 | 50 50 50 50 50 34 25 22 22 23 22 22 22 22 20 22 97 160 26 20 21 26 26 26 22 19 Average Speed 31 | 50 50 50 50 50 41 28 22 24 24 24 22 22 22 21 28 151 160 36 40 36 26 26 26 26 19 Slowest Speed 480 | 50 50 50 50 50 50 104 22 100 100 94 22 22 22 25 97 160 160 160 480 110 26 26 26 115 25 Overloaded Moves . | . . . . . . . . . . . . . . . . . . . . . . . . . . Propulsion Burnouts . | . . . . . . . . . . . . . . . . . . . . . . . . . . Robots Hopped 50 | . . . . . . 6 . . 11 . . . . 8 1 . . 3 . . . . . 6 15 Cave-ins Triggered 3 | . . . . . . . . . . . . . . . . . . 1 . . . . . . 2 Teleports 1 | . . . . . . . . . . . . . . . . . . . . . . 1 . . . Exploration Rate (%) 46 | 3 13 54 69 35 41 16 5 32 19 53 49 74 69 38 67 82 82 36 20 60 66 63 68 44 46 Regions Visited 25 Branch Regions 15 Pre-discovered Areas 8 | . . . 1 . . . . . . . 1 1 . . . . . . . 2 . 3 . . . Known Exits Taken 17 | . . . . . . . 1 . 1 1 1 1 1 1 1 1 1 1 1 1 1 1 1 1 . Unknown Exits Taken 7 | 1 1 1 1 1 1 1 . . . . . . . . . . . . . . . . . . . Scrap Searched 13 | . . 1 . . . . . . . 1 1 . 3 . . . . . . 2 1 . 4 . . Spaces Dug 211 | . . . . . 1 . . 2 2 . . . 3 20 25 21 . 7 8 25 20 . 21 14 42 Terrain Destroyed 613 | . . . . . 2 . . 39 6 20 19 . 17 22 172 92 5 16 10 41 36 . 21 14 81 Melee 98 | . . . . . . . . . 1 . . . 3 20 7 . . 6 8 . 1 . 3 14 35 Projectile 82 | . . . . . 2 . . 4 5 . . . 2 2 37 5 5 10 2 . . . . . 8 AOE 433 | . . . . . . . . 35 . 20 19 . 12 . 128 87 . . . 41 35 . 18 . 38 Terrain Rammed . | . . . . . . . . . . . . . . . . . . . . . . . . . . Walls Destroyed . | . . . . . . . . . . . . . . . . . . . . . . . . . . Machines Disabled . | . . . . . . . . . . . . . . . . . . . . . . . . . . Actions | -11 -10 -10 -10 -9 -8 -7 -6 -6 -6 -6 -6 -6 -5 -5 -5 -5 -5 -5 -4 -4 -4 -4 -3 -3 -2 --------- Run | Yrd Mat Min Exi Min Mat Fac Fac Gar Fac Low Low Dat Pro Fac Ext Cet Arc Hub Fac Upp Upp Zhi Pro Res Res Total 17344 | 18 43 237 405 74 591 1488 212 356 940 304 294 84 604 1812 1471 342 160 762 1534 514 508 241 949 1859 1542 Wait 3234 | . . 4 85 . 107 390 29 120 56 17 20 . 121 267 599 95 45 140 305 71 84 45 256 180 198 Move 13049 | 18 42 229 318 74 456 1057 180 188 779 277 266 84 471 1453 676 208 89 554 1156 434 404 186 686 1549 1215 Hop 43 | . . . . . . 5 . . 11 . . . . 6 1 . . 3 . . . . . 6 11 Pick Up 66 | . 1 3 1 . 6 4 1 . 13 1 1 . 1 3 2 3 1 2 10 . 1 . . 8 4 Fast Attach 105 | . . . 1 . 8 9 1 . 11 4 . . . 8 1 6 . 4 18 2 2 4 . 21 5 Attach 59 | . . . . . 4 3 1 4 9 1 2 . . 2 3 1 . 4 3 . 1 . . 10 11 Detach 54 | . . . . . 3 4 . 4 11 1 . . . 4 2 2 . 3 3 . . . . 10 7 Swap 89 | . . . . . . 4 . 2 5 . 1 . 4 10 16 6 3 7 6 3 5 . 3 6 8 Drop 121 | . . . . . 3 8 . . 18 2 2 . . 9 4 10 1 6 16 1 4 2 . 31 4 Fire 231 | . . . . . 4 4 . 22 26 1 1 . 4 4 93 11 11 20 2 2 3 . 1 2 20 Melee 191 | . . . . . . . . . 1 . 1 . 3 39 18 . 10 12 15 1 4 4 3 36 44 Ram 1 | . . 1 . . . . . . . . . . . . . . . . . . . . . . . Kick . | . . . . . . . . . . . . . . . . . . . . . . . . . . Crush . | . . . . . . . . . . . . . . . . . . . . . . . . . . Escape Stasis 86 | . . . . . . . . 16 . . . . . 7 47 . . 1 . . . . . . 15 Rewire 9 | . . . . . . . . . . . . . . . 9 . . . . . . . . . . Trap . | . . . . . . . . . . . . . . . . . . . . . . . . . . Miscellaneous 6 | . . . . . . . . . . . . . . . . . . 6 . . . . . . . Route ------- -11/Scrapyard -10/Materials -10/Mines (discovered 2 exits: [*Mat] / *Exi) -10/Exiles -9/Mines -8/Materials -7/Factory -6/Factory -6/Garrison -6/Factory (discovered 2 exits: *Low x2) -6/Lower Caves -6/Lower Caves -6/Data Miner -5/Proximity Caves -5/Factory (discovered 8 exits: *Fac x4 / *Upp x2 / *Ext x2) -5/Extension (discovered 2 exits: *Fac / *Cet) -5/Cetus (discovered 2 exits: *Fac / *Arc) -5/Archives (discovered 3 exits: *Fac / *Hub x2) -5/Hub_04(d) (discovered 2 exits: *Fac x2) -4/Factory (discovered 3 exits: *Upp x2 / Arm) -4/Upper Caves -4/Upper Caves -4/Zhirov -3/Proximity Caves -3/Research (discovered 5 exits: *Res x3 / Qua x2) -2/Research (discovered 5 exits: *Acc x3 / Tes x2) History --------- Turn | Location | Event 4 | -11/Scrapyard | Discovered new exit (range 13) 10 | -11/Scrapyard | Entered Materials 23 | -10/Materials | Discovered new exit (range 13) 33 | -10/Materials | Entered Mines 96 | -10/Mines | Found a damaged Exp. Sensor Array with a note attached 108 | -10/Mines | Found Prototype Device 146 | -10/Mines | Discovered new exit (range 8) 154 | -10/Mines | Deemed a non-threat by the Exiles lab entrance 154 | -10/Mines | Discovered new exit (range 5) 156 | -10/Mines | Entered Exiles 169 | -10/Exiles | Met 8R-AWN 178 | -10/Exiles | Met EX-HEX 191 | -10/Exiles | Met EX-BIN 197 | -10/Exiles | Aligned with FarCom system 197 | -10/Exiles | Given EX-Vault access code 209 | -10/Exiles | Opened EX-Vault 213 | -10/Exiles | Found Modified TNC 225 | -10/Exiles | Warned to stay clear of 0b10 Research branches 232 | -10/Exiles | Exiles lab attacked by MAIN.C 293 | -10/Exiles | Learned location of Zion (-7) 310 | -10/Exiles | Build established: Mutant 391 | -10/Exiles | Discovered new exit (range 10) 403 | -10/Exiles | Left Exiles lab with Modified TNC 403 | -10/Exiles | Entered Mines 412 | -9/Mines | Assisted by bots powering up and referring to "LRC-V3" 429 | -9/Mines | Discovered new exit (range 15) 441 | -9/Mines | Entered Materials 441 | -8/Materials | Evolved 4 slots: Propulsion x2, Utility x2 450 | -8/Materials | Lost 3 allies 457 | -8/Materials | Identified Exp. Sensor Array 543 | -8/Materials | Met 7R-MNS 584 | -8/Materials | Garrison activated, responded to threat 757 | -8/Materials | Discovered new exit (range 15) 780 | -8/Materials | Entered Factory 780 | -7/Factory | Evolved 2 slots: Propulsion x1, Utility x1 781 | -7/Factory | Caught up to 7R-MNS 1307 | -7/Factory | Discovered new exit (range 4) 1499 | -7/Factory | Build established: Scout 1514 | -7/Factory | Entered another Factory area 1514 | -6/Factory | Evolved 2 slots: Propulsion x1, Utility x1 1515 | -6/Factory | Caught up to 7R-MNS 1584 | -6/Factory | Identified exit to Garrison 1587 | -6/Factory | Entered Garrison 1723 | -6/Garrison | Discovered new exit (range 8) 1822 | -6/Garrison | Entered Factory 1901 | -6/Factory | Fabricated G-50 Soldier? 2080 | -6/Factory | Fabricated Graphene Brace? 2183 | -6/Factory | Identified exit to Lower Caves 2189 | -6/Factory | Entered Lower Caves 2244 | -6/Lower Caves | Encountered a Warlord checkpoint 2252 | -6/Lower Caves | Discovered new exit (range 11) 2254 | -6/Lower Caves | Identified exit to Lower Caves 2286 | -6/Lower Caves | Entered another Lower Caves area 2368 | -6/Lower Caves | Discovered new exit (range 6) 2371 | -6/Lower Caves | Identified exit to Data Miner 2375 | -6/Lower Caves | Entered Data Miner 2375 | -6/Data Miner | Discovered new exit (range 6) 2378 | -6/Data Miner | Met Data Miner 2385 | -6/Data Miner | Learned location of Section 7 (-2) 2385 | -6/Data Miner | Acquired the access code to Warlord's prototype stash 2389 | -6/Data Miner | Received God Mode back door access code from Data Miner 2394 | -6/Data Miner | Identified exit to Proximity Caves 2394 | -6/Data Miner | Entered Proximity Caves 2450 | -5/Proximity Caves | Learned Factory emergency access door positions 2639 | -5/Proximity Caves | Discovered new exit (range 9) 2641 | -5/Proximity Caves | Identified exit to Factory 2641 | -5/Proximity Caves | Entered Factory 2641 | -5/Factory | Evolved 2 slots: Propulsion x1, Utility x1 2738 | -5/Factory | Spotted B-75 Beast 2806 | -5/Factory | Fabricated Q-thruster (x2) 2953 | -5/Factory | Identified exit to Factory 3008 | -5/Factory | Build established: Hacker-Scout 3113 | -5/Factory | Identified exit to Upper Caves 3113 | -5/Factory | Identified exit to Extension 3299 | -5/Factory | Cargo convoy interrupted 3364 | -5/Factory | Entered Extension 3410 | -5/Extension | Rescued a captive Derelict 3458 | -5/Extension | Destroyed 7 combat bots 3520 | -5/Extension | Rescued a captive Derelict 3566 | -5/Extension | Rescued a captive Derelict 3572 | -5/Extension | Rescued a captive Derelict 3599 | -5/Extension | Rescued a captive Derelict 3630 | -5/Extension | Spotted B-75 Beast 3663 | -5/Extension | Lost 3 allies 3942 | -5/Extension | Rescued a captive Derelict 3945 | -5/Extension | Rescued a captive Derelict 3984 | -5/Extension | Rescued a captive Derelict 4012 | -5/Extension | Rescued A7 4034 | -5/Extension | Rescued a captive Derelict 4143 | -5/Extension | Rescued a captive Derelict 4144 | -5/Extension | Rescued a captive Derelict 4150 | -5/Extension | Discovered exit to Factory (range 10) 4150 | -5/Extension | Discovered new exit (range 6) 4474 | -5/Extension | Identified exit to Cetus 4475 | -5/Extension | Entered Cetus 4475 | -5/Cetus | Accompanied by 5 allies (A7) 4480 | -5/Cetus | Acquired a Cetus Manufacturing Module code from A7 4488 | -5/Cetus | Spotted Cetus Guard 4488 | -5/Cetus | Spotted Cetus Guard 4488 | -5/Cetus | Spotted Cetus Guard 4488 | -5/Cetus | Spotted Cetus Guard 4500 | -5/Cetus | Allies destroyed Cetus Guard 4509 | -5/Cetus | Allies destroyed Cetus Guard 4518 | -5/Cetus | Allies destroyed Cetus Guard 4522 | -5/Cetus | Allies destroyed Cetus Guard 4658 | -5/Cetus | Started Cetus Manufacturing Module 4678 | -5/Cetus | Escorted A7 to Cetus Mainframe 4683 | -5/Cetus | Manufactured an Enhanced Grunt 4702 | -5/Cetus | Discovered new exit (range 22) 4708 | -5/Cetus | Manufactured an Enhanced Grunt 4733 | -5/Cetus | Manufactured an Enhanced Grunt 4754 | -5/Cetus | Build established: Hacker-Skirmisher 4758 | -5/Cetus | Manufactured an Enhanced Grunt 4783 | -5/Cetus | Manufactured an Enhanced Grunt 4834 | -5/Cetus | Spotted Cetus Guard 4834 | -5/Cetus | Spotted Cetus Guard 4836 | -5/Cetus | Spotted Cetus Guard 4836 | -5/Cetus | Spotted Cetus Guard 4839 | -5/Cetus | Discovered exit to Factory (range 21) 4841 | -5/Cetus | Allies destroyed Cetus Guard 4847 | -5/Cetus | Allies destroyed Cetus Guard 4849 | -5/Cetus | Allies destroyed Cetus Guard 4857 | -5/Cetus | Allies destroyed Cetus Guard 4865 | -5/Cetus | Met Revision 17 4937 | -5/Cetus | Identified exit to Archives 4943 | -5/Cetus | Entered Archives 4943 | -5/Archives | Accompanied by 7 allies (A7) 4948 | -5/Archives | Received a hacking code to weaken MAIN.C 5077 | -5/Archives | Discovered exit to Factory (range 15) 5123 | -5/Archives | Discovered new exit (range 16) 5138 | -5/Archives | Discovered new exit (range 14) 5188 | -5/Archives | Identified exit to Hub_04(d) 5190 | -5/Archives | Entered Hub_04(d) 5190 | -5/Hub_04(d) | Accompanied by 5 allies 5245 | -5/Hub_04(d) | Discovered exit to Factory (range 9) 5395 | -5/Hub_04(d) | Discovered exit to Factory (range 21) 5522 | -5/Hub_04(d) | Build established: Commander-Scout 5578 | -5/Hub_04(d) | Network Hub disabled 5589 | -5/Hub_04(d) | Network Hub disabled 5595 | -5/Hub_04(d) | Crushed by falling debris 5596 | -5/Hub_04(d) | System corruption reached 10% 5626 | -5/Hub_04(d) | Lost 3 parts (1n2u) 5647 | -5/Hub_04(d) | Entered Factory 5647 | -4/Factory | Accompanied by 5 allies 5647 | -4/Factory | Evolved 2 slots: Utility x1, Weapon x1 5648 | -4/Factory | Identified exit to Armory 5759 | -4/Factory | Identified exit to Upper Caves 6049 | -4/Factory | Build established: Scavenger-Sprinter 6123 | -4/Factory | Found Prototype Processor 6123 | -4/Factory | Identified Exp. Terrain Scan Processor 6168 | -4/Factory | Found Prototype Device 6168 | -4/Factory | Identified Exp. Thermal Shield 6224 | -4/Factory | Repaired Q-thruster 6293 | -4/Factory | Repaired Q-thruster 6348 | -4/Factory | Repaired Biomechanical Wings 6413 | -4/Factory | Build established: Hacker-Sprinter 6530 | -4/Factory | Entered Upper Caves 6530 | -4/Upper Caves | Accompanied by 3 allies 6553 | -4/Upper Caves | Spotted B-86 Titan 6658 | -4/Upper Caves | Lost 3 allies 6690 | -4/Upper Caves | Learned location of Quarantine (-3) 6701 | -4/Upper Caves | Learned location of Armory (-4) 6717 | -4/Upper Caves | Found Alien Artifact 6717 | -4/Upper Caves | Identified Dimensional Node Initializer 6717 | -4/Upper Caves | Initialized slip node 6774 | -4/Upper Caves | Discovered new exit (range 4) 6775 | -4/Upper Caves | Identified exit to Upper Caves 6775 | -4/Upper Caves | Entered another Upper Caves area 6993 | -4/Upper Caves | Discovered new exit (range 13) 6996 | -4/Upper Caves | Identified exit to Zhirov 6996 | -4/Upper Caves | Entered Zhirov 6996 | -4/Zhirov | Discovered new exit (range 3) 7001 | -4/Zhirov | Met Zhirov 7007 | -4/Zhirov | Learned location of Testing (-2) 7007 | -4/Zhirov | Learned location of Command (-1) 7011 | -4/Zhirov | Zhirov requested help retrieving the SGEMP Prototype 7016 | -4/Zhirov | Found Alien Artifact 7016 | -4/Zhirov | Identified Integrated Dissipator 7016 | -4/Zhirov | Installed Integrated Dissipator, increased core heat dissipation (+20) 7022 | -4/Zhirov | Found Alien Artifact 7022 | -4/Zhirov | Identified Transdimensional Reconstructor 7022 | -4/Zhirov | Warped through subspace 7107 | -4/Zhirov | Identified exit to Proximity Caves 7109 | -4/Zhirov | Entered Proximity Caves 7111 | -3/Proximity Caves | Spotter reported a threat 7112 | -3/Proximity Caves | Spotter reported a threat 7284 | -3/Proximity Caves | Build established: Hacker-Scout 7548 | -3/Proximity Caves | Discovered new exit (range 18) 7556 | -3/Proximity Caves | Identified exit to Research 7559 | -3/Proximity Caves | Entered Research 7559 | -3/Research | Evolved 2 slots: Propulsion x1, Utility x1 7561 | -3/Research | Identified exit to Quarantine 7669 | -3/Research | Identified exit to Research 7759 | -3/Research | Revision forces began assault on 0b10 7798 | -3/Research | Fabricated Q-thruster? 7829 | -3/Research | Met up with Revision 17++ 7893 | -3/Research | Spotted B-86 Titan 7904 | -3/Research | Fabricated Lgt. Regenerative Plating? 7936 | -3/Research | Lost 3 allies 8100 | -3/Research | Found Enh. Force Lance 8194 | -3/Research | Found Prototype Processor 8194 | -3/Research | Identified Exp. Target Analyzer 8221 | -3/Research | Fabricated Exp. Propulsion Shielding (x1) 8259 | -3/Research | Research terminal network offline 8280 | -3/Research | Found Prototype Launcher 8280 | -3/Research | Identified Tactical Quantum Warhead 8333 | -3/Research | Entered another Research area 8333 | -2/Research | Evolved 2 slots: Power x1, Propulsion x1 8358 | -2/Research | Spotted B-90 Cyclops 8444 | -2/Research | Spotted B-90 Cyclops 8455 | -2/Research | Identified exit to Testing 8523 | -2/Research | Build established: Machinist-Sprinter 8530 | -2/Research | Fabricated Lgt. Quantum Reactor? 8627 | -2/Research | Found Exp. Core Analyzer 8654 | -2/Research | Crushed by falling debris 8685 | -2/Research | Lost 3 parts (1p2u) 8721 | -2/Research | System corruption reached 10% 8846 | -2/Research | Fabricated B-48 Gladiator? 8856 | -2/Research | Identified exit to Access 8951 | -2/Research | Crushed by falling debris 9005 | -2/Research | Self-destructed Last Messages --------------- 08966_ K-01 Serf distress signal jammed. 08970_ Acquired Q-thruster. 08971_ Q-thruster destroyed. 08975_ Acquired Xenon Bombardment Thruster. 08976_ Acquired 18 matter. 08979_ The unstable cave ceiling collapses. 08982_ Dropped Q-thruster. 08983_ Acquired Impulse Thruster Array. 08985_ Slug penetrates Wall. 08985_ Quantum Reactor destroyed. 08986_ Slug penetrates Wall. 08986_ Lgt. Regenerative Plating destroyed. 08986_ Slug penetrates Wall. 08988_ Wall collapses. 08988_ Slug penetrates Wall. 08989_ Penetrated by Slug. 08993_ Slug penetrates Wall. 08994_ System corrupted: IFF burst signal emitted. 09003_ Lgt. Quantum Reactor destroyed. 09003_ Q-thruster destroyed. Map ----- +----------------------------------------------------+ | ???????????????????# # # ?????? | | ???????????????????# # # "" "" ??????? | | ???????????????????# + / ""T""???????? | | ???????????????????# # # """ ??????? | | ???????????????????# # # ?????? | | ???????????????????# ! ?# #? #????? | | ???????????????????# ?# #?#########????? | | ???????????????????###" ""#??# #??????????????? | | ?????????????????????#"R""???# #??????????????? | | ?????????????????????#???????# #??????????????? | | ?????????????????????????????# #??????????????? | | ?????????????????????????????# #??????????????? | | ?????????????????????????????# #??????????????? | | ?????????????????????????????# #??????????????? | | ?????????????????????????????# #??????????????? | | ?????????????????????????????# #??????????????? | | ?????????????????????????????# gg #??????????????? | | ?????????????????????????????# #??????????????? | | ?????????????????????????????# #??????????????? | | ?????????????????????????????# #??????????????? | | ?????????????????????????????# #??????????????? | | ???????????+#############+#### #######????????? | | ??????????? #????????? | | ?????????? u #????????? | | ?????????? #????????? | | ?????????? @ s s #????????? | | ??????????????####+### ########## #????????? | | ?????????????????????# #????????? #????????? | | ?????????????????????# g #?????????? #????????? | | ?????????????????????# #??????????s #????????? | | ?????????????????????# g #??????????s #????????? | | ?????????????????????# g #???????????? #????????? | | ?????????????????????# #??????????????????????? | | ?????????????????????# g #??????????????????????? | | ?????????????????????# ???????????????????????? | | ?????????????????????# ???????????????????????? | | ?????????????????????# ???????????????????????? | | ?????????????????????# ???????????????????????? | | ?????????????????????# k???????????????????????? | | ?????????????????????# ???????????????????????? | | ??????????????????????? ???????????????????????? | | ?????????????????????????????????????????????????? | | ?????????????????????????????????????????????????? | | ?????????????????????????????????????????????????? | | ?????????????????????????????????????????????????? | | ?????????????????????????????????????????????????? | | ?????????????????????????????????????????????????? | | ?????????????????????????????????????????????????? | | ?????????????????????????????????????????????????? | | ?????????????????????????????????????????????????? | +----------------------------------------------------+ Best States ------------- Heat Dissipation 104 Energy Generation 57 Energy Capacity 630 Matter Stores 300 Matter Capacity 300 Sight Range 22 Robot Scan Range 20 Terrain Scan Density 10 ECM Strength 1 Jamming Range 16 Power Amplification 30 Additional Mass Support 20 Armor Coverage 450 Resistance: TH 30 Propulsion Shielding 90 Evasion (%) 77 Core Analysis 8 Recoil Reduction 4 Offensive Hacking 24 Defensive Hacking 11 Item Schematics ----------------- Combat Drone Bay | -6/Data Miner | Free Lgt. Regenerative Plating | -6/Data Miner | Free Cld. Nuclear Pulse Thruster | -6/Data Miner | Free Prc. Energy Filter | -6/Data Miner | Free Tiamat Missile Launcher | -6/Data Miner | Free Centrium Wheel | -6/Data Miner | Free Imp. Force Field | -6/Data Miner | Free Phase Gun | -6/Data Miner | Free Arm. Heavy Treads | -6/Data Miner | Free Exp. Propulsion Shielding | -5/Factory | Hacked Quantum Rifle | -5/Extension | Hacked Adv. Power Amplifier | -5/Extension | Hacked Assault Drone Bay | -4/Zhirov | Free Exp. Heat Sink | -4/Zhirov | Free Exp. Optical Array | -4/Zhirov | Free Imp. Arc Thrower | -4/Zhirov | Free Lgt. Particle Reactor | -3/Research | Hacked Q-thruster | -3/Research | Scanalyzed Robot Schematics ------------------ B-48 Gladiator | -6/Data Miner | Free S-27 Virus | -6/Data Miner | Free L-41 Fighter | -6/Data Miner | Free E-15 Imp | -6/Data Miner | Free G-50 Soldier | -6/Data Miner | Free Fabricated ------------ G-50 Soldier | x3 | -6/Factory | Preloaded Graphene Brace | x2 | -6/Factory | Preloaded Q-thruster | x2 | -5/Factory | Preloaded Q-thruster | x2 | -3/Research Lgt. Regenerative Plating | x1 | -3/Research Exp. Propulsion Shielding | x1 | -3/Research Lgt. Quantum Reactor | x2 | -2/Research | Preloaded B-48 Gladiator | x3 | -2/Research Alien Tech Used ----------------- Dimensional Node Initializer Integrated Dissipator Transdimensional Reconstructor Achievements -------------- None Challenges ------------ None Game ------ Seed NullRiotCanceller Manual? 0 Play Time 03:34:18 Cumulative 172.0 hours Start 2024.06.27 @ 18:47:07 End 2024.06.29 @ 17:15:43 Sessions 5 Manual Loads 0 Difficulty Rogue Special Mode None Game No. 83 Rogue 83 Adventurer 0 Explorer 0 Win Type - Total 2 Types 1/0/1/0/0/0/0/0/0 Lore% 69 Gallery% 80 Achievement% 60 Wizard Run 0 Options --------- Layout 0 ASCII 0 Keyboard 0 Movement Mouse Keybinds 0 Fullscreen 2 Font 14/SmallcapsGlow Map View 72x54 Zoom Use 0% Tactical HUD 1 Map Filters NONE Filters NONE Steam 1 RUN: 12964f2f-0519-4492-860e-d3fbc19ced51